 Dungeon Crawl Stone Soup version 0.30-a0-718-geaa24f58ff (webtiles) character file.

Game seed: 2245985748488899135

10495 testman the Scholar of Death (level 11, -6/92 HPs)
             Began as a Demonspawn Necromancer on Jan 25, 2023.
             Was a Follower of Kikubaaqudgha.
             Mangled by a death yak (25 damage)
             ... on level 10 of the Dungeon.
             The game lasted 00:49:58 (10258 turns).

testman the Scholar of Death (DsNe)                Turns: 10258, Time: 00:49:58

Health: -6/92      AC:  8    Str: 17    XL:     11   Next: 36%
Magic:  14/21      EV: 13    Int: 19    God:    Kikubaaqudgha [*.....]
Gold:   178        SH:  0    Dex: 13    Spells: 2/24 levels left

rFire   . . .      SeeInvis .    k - +5 demon whip (venom)
rCold   . . .      Faith    .    (no shield)
rNeg    . . .      Spirit   .    R - +0 steam dragon scales
rPois   .          Reflect  .    (helmet restricted)
rElec   .          Harm     .    I - scarf {repulsion}
rCorr   .          Rampage  .    M - +0 pair of gloves
Will    +....                    (no boots)
Stlth   ++                       f - amulet of magic regeneration
HPRegen 0.35/turn                d - +6 ring of strength
MPRegen 0.57/turn                E - ring of willpower

@: repel missiles
A: horns 2, powered by pain 2, spiny 1, sharp scales 2
a: Renounce Religion, Unearth Wretches


You were on level 10 of the Dungeon.
You worshipped Kikubaaqudgha.
Kikubaaqudgha was aware of your devotion.
You visited 2 branches of the dungeon, and saw 11 of its levels.

You collected 420 gold pieces.
You spent 242 gold pieces at shops.

Inventory:

Hand Weapons
 g - a +0 dagger of venom
 k - a +5 demon whip of venom (weapon)
 t - a +1 short sword of venom
 B - a +3 sling of electrocution
 O - a +2 whip of flaming
Missiles
 n - 7 javelins
 x - 5 boomerangs
 F - 12 poisoned darts
 K - a curare-tipped dart
Armour
 I - a scarf of repulsion (worn)
 M - a +0 pair of gloves (worn)
 R - +0 steam dragon scales (worn)
Jewellery
 d - a +6 ring of strength (left hand)
 e - a ring of protection from fire
 f - an amulet of magic regeneration (around neck)
 s - a ring of ice
 E - a ring of willpower (right hand)
 P - a +6 ring of strength
Wands
 j - a wand of paralysis (18)
 C - a wand of quicksilver (3)
 J - a wand of roots (19)
Scrolls
 a - 2 scrolls of vulnerability {unknown}
 o - 7 scrolls of fog
 p - a scroll of identify
 q - 2 scrolls of poison {unknown}
 v - 5 scrolls of fear
 w - 4 scrolls of teleportation
 y - 3 scrolls of enchant armour {unknown}
 G - a scroll of magic mapping
 H - a scroll of silence {unknown}
 L - 2 scrolls of blinking
 N - a scroll of noise {unknown}
Potions
 b - 2 potions of magic
 c - a potion of ambrosia
 h - 2 potions of invisibility
 i - a potion of haste {unknown}
 l - 3 potions of curing
 m - 3 potions of lignification
 r - a potion of resistance {unknown}
 u - 3 potions of mutation {unknown}
 z - a potion of flight {unknown}
 A - 5 potions of heal wounds
 D - a potion of degeneration {unknown}
 Q - a potion of attraction {unknown}


   Skills:
 - Level 10.7 Fighting
 + Level 3.8 Maces & Flails
 - Level 3.3 Armour
 - Level 4.0 Dodging
 - Level 1.7 Stealth
 - Level 7.0 Spellcasting
 - Level 13.0 Necromancy
 + Level 3.6 Earth Magic


You had 2 spell levels left.
You knew the following spells:

 Your Spells              Type           Power      Damage    Failure   Level
a - Necrotise             Necr           100%       1d9       1%          1
b - Vampiric Draining     Necr           54%        2d9       1%          3
c - Animate Dead          Necr           54%        N/A       1%          4
d - Agony                 Necr           54%        N/A       1%          5
e - Borgnjor's Vile Clut  Necr/Erth      19%        N/A       9%          5
f - Dispel Undead         Necr           54%        3d20      1%          4

Your spell library contained the following spells:

 Spells                   Type           Power      Damage    Failure   Level
 Kiss of Death            Conj/Necr      100%       2d13      1%          1
 Cigotuvi's Dreadful Rot  Necr/Pois/Air  46%        N/A       2%          2
 Freeze                   Ice            24%        1d4       10%         1
 Summon Small Mammal      Summ           24%        N/A       10%         1
 Call Canine Familiar     Summ           6%         N/A       30%         3
 Confusing Touch          Hex            6%         N/A       30%         3
 Frozen Ramparts          Ice            12%        1d2       30%         3
 Hailstorm                Conj/Ice       6%         3d4       30%         3
 Summon Guardian Golem    Hex/Summ       6%         N/A       30%         3
 Leda's Liquefaction      Hex/Erth       6%         N/A       43%         4
 Blade Hands              Tmut           3%         N/A       95%         5
 Irradiate                Conj/Tmut      3%         3d12      95%         5
 Iskenderun's Battlesphe  Conj           6%         2d6       95%         5
 Borgnjor's Revivificati  Necr           27%        N/A       97%         8
 Iron Shot                Conj/Erth      6%         9d2       100%        6
 Dragon Form              Tmut           3%         N/A       100%        7
 Spellforged Servitor     Conj/Summ      3%         N/A       100%        7


Dungeon Overview and Level Annotations

Branches:
Dungeon (10/15)            Temple (1/1) D:4
   Lair: D:8-11         Orc: D:9-12

Altars:
Ashenzari
Cheibriados
Dithmenos
Fedhas
Gozag
Hepliaklqana
Kikubaaqudgha
Makhleb
Nemelex Xobeh
Okawaru
Qazlal
Ru
Sif Muna
Trog
Uskayaw
Vehumet
Wu Jian
Xom
Yredelemnul

Shops:
D:2 :


Innate Abilities, Weirdness & Mutations

You have a pair of horns on your head.
You sometimes gain power by taking damage.
You are partially covered in sharp spines.
You are mostly covered in razor-sharp scales. (AC +2, Slay +2)


Message History

The death yak is almost dead.
Your yak zombie gores the death yak.
Your rat skeleton bites the death yak but does no damage.
Your yak zombie gores the death yak but does no damage.
The death yak closely misses you. The death yak gores you!!
* * * LOW HITPOINT WARNING * * *
The death yak gores your yak zombie!!
Your yak zombie is destroyed!
The death yak bellows!
Casting: Dispel Undead (mildly dangerous; 1% risk of failure)
Confirm with . or Enter, or press ? or * to list all spells.
Aiming: Vampiric Draining (safe; 1% risk of failure)
Press: ? - help, Shift-Dir - straight line, f - death yak
Aim: a death yak (almost dead, ally target)
You draw life force from the death yak!
You feel life coursing into your body.
Your yak zombie gores the death yak.
The death yak dies!
Kikubaaqudgha accepts your kill.
Your rat skeleton bites the death yak but does no damage.
The death yak is struck by your spines.
The death yak gores you but does no damage.
Casting: Vampiric Draining (safe; 1% risk of failure)
Confirm with . or Enter, or press ? or * to list all spells.
Aiming: Vampiric Draining (safe; 1% risk of failure)
Press: ? - help, Shift-Dir - straight line, f - death yak
Aim: a death yak (moderately wounded, very poisoned)
You draw life force from the death yak!
You feel life coursing into your body.
The death yak snorts and paws the ground.
The death yak gores your yak zombie!! The death yak gores you!!
* * * LOW HITPOINT WARNING * * *
Your yak zombie barely misses the death yak.
Casting: Vampiric Draining (safe; 1% risk of failure)
Confirm with . or Enter, or press ? or * to list all spells.
Aiming: Vampiric Draining (safe; 1% risk of failure)
Press: ? - help, Shift-Dir - straight line, f/p - death yak
Aim: a death yak (heavily wounded, very poisoned, ally target)
You draw life force from the death yak!
You feel life coursing into your body. The death yak gores your yak zombie!!
The death yak gores you!!
You die...
Kikubaaqudgha rasps: "You have failed me!
Welcome... death!"

... ##....##...#
#....#......#...#
#....#..........#
#...........?...#
#.......Z........
#.......Y........
#......Z.†...... ...#
#....!.@Y.......
...#######......###+#####
...#..................#
...#..................#
...#..................#
...#.(................#
...#..................#
..............#####.###
...#..........# .#


You could see 2 death yaks, a friendly yak zombie and a friendly rat skeleton.

Vanquished Creatures
  Amaemon (D:8)
  Pikel (D:7)
  Maurice (D:8)
  Joseph (D:8)
  An orange demon (D:8)
  Maggie (D:8)
  2 hornets
  Prince Ribbit (D:7)
  2 wyverns
  5 yaks
  A shadow (D:10)
  A steam dragon (D:8)
  Menkaure (D:5)
  2 acid dragons (D:9)
  3 water moccasins
  3 black bears
  2 ice beasts
  3 sky beasts
  4 phantoms
  3 centaurs
  2 kobold brigands (D:9)
  5 bullfrogs
  3 necrophages
  4 scorpions
  A gnoll sergeant (D:9)
  4 wights (D:9)
  2 killer bees (D:7)
  A howler monkey (D:5)
  A crimson imp (D:9)
  A hound (D:4)
  2 jellies
  Crazy Yiuf (D:7)
  5 iguanas
  Ijyb (D:5)
  Natasha (D:3)
  5 orc wizards
  A hell rat (D:10)
  7 gnolls
  5 adders
  A shadow imp (D:8)
  3 ufetubi
  3 worms
  6 dart slugs
  13 orcs
  7 bats
  5 endoplasms
  2 giant cockroaches
  7 goblins
  8 hobgoblins
  3 quokkas
  6 ball pythons
  3 frilled lizards
  18 kobolds
  4 rats
180 creatures vanquished.

Vanquished Creatures (collateral kills)
  A two-headed ogre (D:8)
  A death yak (D:10)
  Sigmund (D:6)
  3 yaks
  A kobold brigand (D:9)
  3 killer bees (D:7)
  A howler monkey (D:7)
  A hound (D:6)
  A gnoll bouda (D:8)
  A jelly (D:6)
  4 gnolls
  An adder (D:6)
  3 orcs
  3 kobolds
  A ball python (D:1)
  A frilled lizard (D:3)
27 creatures vanquished.

Vanquished Creatures (others)
  A wyvern zombie (D:8)
  2 water moccasin zombies
  2 yak zombies (D:10)
  A bullfrog zombie (D:7)
  A sky beast zombie (D:8)
  An adder zombie (D:3)
  A bat zombie (D:3)
  3 gnoll zombies (D:8)
  A dart slug zombie (D:4)
  A frilled lizard zombie (D:3)
  A goblin zombie (D:3)
  4 orc zombies
  A quokka zombie (D:4)
20 creatures vanquished.

Grand Total: 227 creatures vanquished

Notes
Turn   | Place    | Note
-------+----------+-------------------------------------------
     0 | D:1      | testman the Demonspawn Necromancer began the quest for the
                  | Orb.
     0 | D:1      | Reached XP level 1. HP: 13/13 MP: 3/3
   271 | D:1      | Gained mutation: You sometimes gain a little power by
                  | taking damage. [demonic ancestry]
   271 | D:1      | Reached XP level 2. HP: 19/19 MP: 3/5
   561 | D:1      | Reached skill level 5 in Necromancy
   561 | D:1      | Gained mutation: You have a pair of small horns on your
                  | head. [demonic ancestry]
   561 | D:1      | Reached XP level 3. HP: 24/24 MP: 4/7
  1234 | D:2      | Found Bucuifae's Book Boutique.
  1242 | D:2      | Learned a level 3 spell: Vampiric Draining
  1449 | D:2      | Found a faded altar of an unknown god.
  1456 | D:2      | Prayed at the altar of an unknown god.
  1456 | D:2      | Became a worshipper of Ru the Awakened
  1976 | D:3      | Gained mutation: You sometimes gain power by taking damage.
                  | [demonic ancestry]
  1976 | D:3      | Reached XP level 4. HP: 30/30 MP: 6/8
  1981 | D:3      | Learned a level 4 spell: Animate Dead
  2051 | D:3      | Noticed Natasha
  2063 | D:3      | Killed Natasha
  2470 | D:3      | HP: 1/30 [orc/+0 war axe (8)]
  2472 | D:3      | Gained mutation: You are partially covered in razor-sharp
                  | scales. (AC +1, Slay +1) [demonic ancestry]
  2472 | D:3      | Reached XP level 5. HP: 1/35 MP: 0/10
  2934 | D:4      | Reached skill level 6 in Necromancy
  2966 | D:4      | Reached skill level 1 in Fighting
  3084 | D:4      | Found a bloodstained altar of Trog.
  3199 | D:4      | Reached XP level 6. HP: 24/44 MP: 12/12
  3319 | D:4      | Got the Compilation of Grey Diablerie
  3325 | D:4      | Found a staircase to the Ecumenical Temple.
  3332 | Temple   | Entered the Ecumenical Temple
  3603 | D:4      | Noticed an ice beast
  3616 | D:4      | Killed an ice beast
  4165 | D:5      | Entered Level 5 of the Dungeon
  4366 | D:5      | Reached skill level 11 in Necromancy
  4366 | D:5      | Gained mutation: You are partially covered in sharp spines.
                  | [demonic ancestry]
  4366 | D:5      | Reached XP level 7. HP: 64/64 MP: 13/13
  4381 | D:5      | Reached XP level 8. HP: 57/71 MP: 13/15
  4404 | D:5      | Noticed Ijyb
  4405 | D:5      | Paralysed by Ijyb for 2 turns
  4412 | D:5      | Killed Ijyb
  4438 | D:5      | Learned a level 5 spell: Agony
  4759 | D:5      | Noticed Menkaure
  4769 | D:5      | Killed Menkaure
  4981 | D:6      | Reached skill level 1 in Armour
  4981 | D:6      | HP: 3/71 [poisoned by a scorpion]
  4982 | D:6      | Reached skill level 5 in Spellcasting
  4983 | D:6      | Noticed Sigmund
  4994 | D:6      | Killed Sigmund
  5000 | D:6      | Identified the +4 battleaxe of the Past {speed, rC+ Will++
                  | Str+2 Int-5}
  5238 | D:6      | Reached XP level 9. HP: 59/77 MP: 16/16
  5791 | D:7      | Identified the +2 leather armour "Vagyakh" {Harm *Corrode
                  | Regen+}
  5838 | D:7      | Reached skill level 12 in Necromancy
  6292 | D:7      | Noticed Prince Ribbit
  6307 | D:7      | Killed Prince Ribbit
  6405 | D:7      | Found a runed translucent door.
  6406 | D:7      | Noticed Crazy Yiuf
  6413 | D:7      | Killed Crazy Yiuf
  6572 | D:7      | Noticed Pikel
  6581 | D:7      | Killed Pikel
  6582 | D:7      | Gained mutation: You have a pair of horns on your head.
                  | [demonic ancestry]
  6582 | D:7      | Reached XP level 10. HP: 77/85 MP: 15/18
  7034 | D:8      | Reached skill level 10 in Fighting
  7096 | D:8      | Found an ornate altar of the Wu Jian Council.
  7419 | D:8      | Noticed Maggie
  7431 | D:8      | Killed Maggie
  7561 | D:8      | Noticed Joseph
  7565 | D:8      | Noticed Maurice
  7574 | D:8      | Killed Joseph
  7575 | D:8      | Reached skill level 1 in Maces & Flails
  7586 | D:8      | Killed Maurice
  7587 | D:8      | Reached skill level 1 in Earth Magic
  7847 | D:8      | Noticed Amaemon
  7848 | D:8      | Noticed an orange demon
  7879 | D:8      | Killed Amaemon
  7885 | D:8      | Killed an orange demon
  7962 | D:8      | Noticed a two-headed ogre
  7968 | D:8      | Killed a two-headed ogre
  8378 | Temple   | Fell from the grace of Ru
  8378 | Temple   | Became a worshipper of Kikubaaqudgha
  8466 | D:7      | Learned a level 5 spell: Borgnjor's Vile Clutch
  8498 | D:9      | Gained mutation: You are mostly covered in razor-sharp
                  | scales. (AC +2, Slay +2) [demonic ancestry]
  8498 | D:9      | Reached XP level 11. HP: 51/92 MP: 20/20
  8862 | D:9      | Found a stormy altar of Qazlal.
  8963 | D:9      | Found a shimmering altar of Xom.
  8963 | D:9      | Found a burning altar of Makhleb.
  9206 | D:9      | Reached * piety under Kikubaaqudgha
  9206 | D:9      | Received a gift from Kikubaaqudgha
  9243 | D:9      | Found a snail-covered altar of Cheibriados.
  9500 | D:9      | Paralysed by a hornet for 1 turns
  9946 | D:2      | Bought a book of Touch for 242 gold pieces
  9951 | D:2      | Learned a level 4 spell: Dispel Undead
 10092 | D:10     | Entered Level 10 of the Dungeon
 10098 | D:10     | Reached skill level 13 in Necromancy
 10240 | D:10     | Noticed a death yak
 10245 | D:10     | Noticed a death yak
 10247 | D:10     | Noticed a death yak
 10256 | D:10     | Killed a death yak
 10258 | D:10     | Mangled by a death yak

Illustrated notes

Levels and vault maps discovered:
D:1:      eino_arrival_druids_welcome, layout_rooms, chequers_arboretum,
          grunt_decor_junction
D:2:      layout_basic, dreamdust_ecumenical_altar_hidden_monk_grotto,
          serial_shops, shop
D:3:      layout_rooms, minmay_misc_feat_five, uniq_natasha
D:4:      layout_cave_pools, mainiacjoe_overflow_swirl,
          minmay_temple_entry_wispy, grunt_ministairs_7,
          eino_small_chamber_without_monster, kennysheep_big_empty_room
D:5:      layout_rooms, uniq_ijyb, uniq_menkaure
D:6:      minmay_opposing_rooms, layout_rooms, uniq_sigmund
D:7:      layout_gridville, minmay_holes, uniq_crazy_yiuf_cottage, uniq_pikel,
          uniq_prince_ribbit1
D:8:      layout_basic, mainiacjoe_overflow_chevrons, nicolae_sextant,
          uniq_amaemon, uniq_maggie, uniq_joseph, uniq_maurice
D:9:      layout_basic, grunt_temple_overflow_champion_of_chaos,
          mainiacjoe_overflow_concentric_impassable, lemuel_crystal_altar,
          kennysheep_generic_room_10
D:10:     layout_basic, mainiacjoe_overflow_six_doors_small, dpeg_lair_monsters,
          nicolae_trove_entry_columns
Temple:   dpeg_chambers_temple

Skill      XL: |  1  2  3  4  5  6  7  8  9 10 11 |
---------------+----------------------------------+-----
Necromancy     | 5 6 11 12 13 | 13.0
Spellcasting   | 3 4 5 6 7 |  7.0
Fighting       | 1 9 10 | 10.7
Dodging        | 2 3 4 |  4.0
Armour         | 1 2 3 |  3.3
Maces & Flails | 2 3 |  3.8
Earth Magic    | 2 3 |  3.6
Stealth        | |  1.7

Action                     |  1- 3 |  4- 6 |  7- 9 | 10-12 || total
---------------------------+-------+-------+-------+-------++-------
  Melee: Short sword       |    47 |   127 |   145 |     5 ||   324
         Spear             |     2 |       |       |       ||     2
         Dagger            |    15 |       |       |       ||    15
         Headbutt          |     4 |    21 |    28 |    38 ||    91
         Punch             |       |     3 |     3 |     1 ||     7
         Whip              |       |       |       |    58 ||    58
         Demon whip        |       |       |       |    86 ||    86
  Throw: Boomerang         |       |       |     1 |       ||     1
   Cast: Necrotise         |    38 |     9 |    23 |    11 ||    81
         Vampiric Draining |     1 |     5 |     9 |    26 ||    41
         Animate Dead      |       |     6 |     4 |     4 ||    14
         Dispel Undead     |       |       |       |     1 ||     1
    Use: Scroll            |       |    10 |       |     7 ||    17
         Potion            |       |     2 |     1 |       ||     3
   Stab: Sleeping          |     3 |     3 |     3 |     2 ||    11
         Distracted        |       |       |       |     2 ||     2
 Armour: Robe              |    12 |    19 |       |       ||    31
         Leather armour    |       |       |    41 |     7 ||    48
         Steam dragon scal |       |       |       |    39 ||    39
  Dodge: Dodged            |    53 |    80 |   100 |   126 ||   359
         Repelled          |       |       |       |     1 ||     1

Table legend: (Time is in decaauts)
 A = Elapsed time spent in this place.
 B = Non-inter-level travel time spent in this place.
 C = Inter-level travel time spent in this place.
 D = Time resting spent in this place.
 E = Time spent auto-exploring this place.
 F = Levels seen in this place.
 G = Mean time per level.
                   A        B        C        D        E       F      G
               +--------+--------+--------+--------+--------+-----+--------+
         Total |  10275 |   9481 |    794 |    537 |   6983 |  11 |  934.1 |
       Dungeon |  10019 |   9275 |    744 |    537 |   6791 |  10 | 1001.9 |
        Temple |    255 |    206 |     49 |      0 |    192 |   1 |  255.0 |
               +--------+--------+--------+--------+--------+-----+--------+

Top non-repeatable levels by time:
     D:9: 1379 daAuts
     D:8: 1336 daAuts
     D:7: 1298 daAuts
     D:3: 1129 daAuts
     D:2: 1113 daAuts
     D:4: 1023 daAuts
     D:6: 863 daAuts
     D:1: 862 daAuts
     D:5: 847 daAuts
  Temple: 255 daAuts
    D:10: 164 daAuts
